Map: Hecate LE

Players

SubN - Winner!

  • Race: Zerg Zerg
  • League: Diamond
  • Spawn Location: 7:00

ayechiwawa

  • Race: Zerg Zerg
  • League: Diamond
  • Spawn Location: 1:00

VOD

Have the link to the VOD?

Description

Time

  • Played on: Jan. 4, 2024, 6:40 p.m.
  • Length: 3:43
Show
View Real Time Build Order
Export as new Build Order

SubN Zerg - Winner!

Build Orders: Pool First 

Get SALT Encoding   

  12  0:00  Drone  
  13  0:08  Drone  
  14  0:15  Extractor  
  13  0:28  Spawning Pool  
  12  0:58  Hatchery  
  11  1:15  Queen  
  13  1:32  Metabolic Boost  
  13  1:34  Overlord  
  13  1:43  Overlord  
  13  1:48  Zergling x2  
  13  1:53  Zergling x2  
  15  1:57  Drone  
  16  2:07  Zergling x2  
  17  2:15  Queen  
  19  2:19  Zergling x2  
  20  2:24  Zergling x2  
  20  2:29  Zergling x2  
  22  2:31  Zergling x2  
  23  2:41  Zergling x2  
  23  2:42  Zergling x2  
  25  2:48  Drone  
  25  2:49  Drone  
  27  2:55  Zergling x2  
  27  3:11  Drone x4  
Show
View Real Time Build Order
Export as new Build Order

ayechiwawa Zerg 

Build Orders: Hatch First 

Get SALT Encoding   

  12  0:02  Drone  
  13  0:12  Drone  
  14  0:16  Drone, Extractor  
  15  0:38  Hatchery  
  14  0:45  Drone, Extractor  
  15  0:50  Overlord  
  15  1:10  Drone, Spawning Pool  
  15  1:14  Drone  
  15  1:18  Drone  
  17  1:26  Drone  
  18  1:34  Drone  
  19  1:46  Drone  
  20  1:54  Overlord  
  20  1:55  Drone  
  20  1:57  Queen  
  20  1:58  Queen  
  25  2:04  Drone  
  25  2:05  Drone  
  27  2:16  Drone, Overlord  
  28  2:31  Drone x2  
  28  2:35  Extractor  
  28  2:36  Extractor  
  30  2:57  Evolution Chamber  
  26  3:06  Zergling x2  
  26  3:07  Zergling x10  
  26  3:16  Spine Crawler  
Tags
 
Add a new tag
Caveats
  • Supply blocks, unpowered buildings, or Contaminate may cause inaccurate times.
  • Supply counts are checked every 10 seconds.